 Dungeon Crawl Stone Soup version 0.27-a0-1612-gde56a17b89 (webtiles) character file.

Game seed: 10560492964809783083

86 MisterFreud the Chopper (level 4, 0/39 HPs)
             Began as a Hill Orc Abyssal Knight on July 21, 2021.
             Was a Believer of Lugonu.
             Killed by nerve-wracking pain
             ... invoked by a shadow imp
             ... summoned by Natasha
              (1 damage)
             ... on level 2 of the Dungeon.
             The game lasted 00:02:38 (2139 turns).

MisterFreud the Chopper (Hill Orc Abyssal Knight)   Turns: 2139, Time: 00:02:38

Health: 0/39       AC: 11    Str: 15    XL:     4   Next: 50%
Magic:  5/5        EV:  3    Int: 12    God:    Lugonu [**....]
Gold:   19         SH:  3    Dex: 10    Spells: 3/3 levels left

rFire    . . .     SeeInvis .   a - +1 hand axe
rCold    . . .     Faith    .   l - +0 buckler
rNeg     . . .     Spirit   .   i - +0 plate armour
rPois    .         Reflect  .   (no helmet)
rElec    .         Harm     .   (no cloak)
rCorr    .         Rampage  .   (no gloves)
Will     .....                  (no boots)
Stlth    ..........             (no amulet)
HPRegen  0.13/turn              (no ring)
MPRegen  0.09/turn              (no ring)

@: no status effects
A: no striking features
a: Renounce Religion, Depart the Abyss, Bend Space


You were on level 2 of the Dungeon.
You worshipped Lugonu.
Lugonu was pleased with you.
You visited 1 branch of the dungeon, and saw 2 of its levels.
You visited the Abyss 1 time.

You collected 19 gold pieces.

Inventory:

Hand Weapons
 a - a +1 hand axe (weapon)
Armour
 b - a +0 leather armour
 i - a +0 plate armour (worn)
 k - a +3 scale mail
 l - a +0 buckler (worn)
Wands
 j - a wand of digging (7)
Scrolls
 c - a scroll of torment {unknown}
 e - 2 scrolls of teleportation {unknown}
 f - 2 scrolls of identify {unknown}
 h - a scroll of brand weapon {unknown}
Potions
 d - a potion of ambrosia {unknown}
 g - a potion of heal wounds {unknown}


   Skills:
 - Level 3.6 Fighting
 * Level 5.7 Axes
 + Level 2.8 Armour
 - Level 0.7 Dodging
 + Level 0.0 Shields
 - Level 2.4 Invocations


You had 3 spell levels left.
You didn't know any spells.
Your spell library contained the following spells:

 Spells                   Type           Power      Damage    Failure   Level
 Corpse Rot               Necr/Air       N/A        N/A       100%        2
 Gell's Gravitas          Tloc           0%         N/A       100%        3
 Ozocubu's Armour         Ice            0%         N/A       100%        3
 Teleport Other           Tloc           0%         N/A       100%        3
 Dispel Undead            Necr           0%         3d6       100%        4
 Hailstorm                Conj/Ice       0%         3d3       100%        4
 Silence                  Hex/Air        0%         N/A       100%        5
 Death Channel            Necr           0%         N/A       100%        6
 Dispersal                Tloc           0%         N/A       100%        6
 Discord                  Hex            0%         N/A       100%        8


Dungeon Overview and Level Annotations

Branches:
Dungeon (2/15)

Altars:

Annotations:
D:2 1 runed translucent door, Crazy Yiuf, Natasha


Message History

You start putting on your armour.
You continue putting on your +0 buckler. x4
You finish putting on your +0 buckler.
Natasha, Servant of Life and Death comes into view.
Natasha is nearby!
Natasha is nearby!
Natasha howls an incantation.
Natasha's front paws start to glow.
Natasha casts a spell.
Natasha casts a spell at you. The magic dart hits you. Natasha claws you.
You hit Natasha.
Natasha is lightly wounded.
Natasha mumbles some strange words.
You barely miss Natasha.
Natasha is lightly wounded.
You hit the iron imp. The iron imp barely misses you.
Natasha claws you but does no damage.
You closely miss Natasha.
Natasha is lightly wounded.
You hit the iron imp but do no damage. Natasha claws you but does no damage.
The iron imp hits you.
You hit Natasha.
Natasha is heavily wounded.
You hit the iron imp but do no damage. Natasha claws you.
The iron imp barely misses you.
You hit Natasha.
Natasha is heavily wounded.
You hit the iron imp. Natasha claws you but does no damage.
You hit Natasha.
Natasha is severely wounded.
You hit the iron imp but do no damage. You closely miss the shadow imp.
The iron imp hits you.
* * * LOW HITPOINT WARNING * * *
Natasha claws you!
* * * LOW HITPOINT WARNING * * *
The shadow imp gestures at you. Pain shoots through your body!
You die...

########### ## #.........#
#. #.........# #.
#.........# #.
###.........###########.
..'...5.................
#...5@...†#####.......
......h.....#........#..
######'#######........#..
...........# #........#..
...........########'#####.
...........#........#####.
..........................
#.........)#)############.
#..........#.# #.


You could see an iron imp (summoned), Natasha and a shadow imp (summoned).

Vanquished Creatures
  Natasha (D:2)
  An adder (D:2)
  2 worms (D:2)
  6 bats
  6 endoplasms
  3 giant cockroaches (D:2)
  4 goblins
  4 hobgoblins
  4 jackals (D:1)
  3 ball pythons
  2 frilled lizards
  7 kobolds
  4 rats
47 creatures vanquished.

Notes
Turn   | Place    | Note
-------+----------+-------------------------------------------
     0 | Abyss:1  | MisterFreud the Hill Orc Abyssal Knight began the quest for
                  | the Orb.
     0 | Abyss:1  | Reached XP level 1. HP: 19/19 MP: 2/2
    66 | Abyss:1  | Noticed a small abomination
    67 | D:1      | Escaped the Abyss
   112 | D:1      | Reached skill level 3 in Axes
   219 | D:1      | Reached XP level 2. HP: 26/26 MP: 3/3
   222 | D:1      | Reached * piety under Lugonu
   228 | D:1      | Reached skill level 4 in Axes
   753 | D:1      | Reached XP level 3. HP: 25/31 MP: 4/4
   897 | D:1      | Got Sif Muna's Almanac of the Entrancing Glacier
  1417 | D:2      | Noticed Natasha
  1425 | D:2      | Killed Natasha
  1426 | D:2      | Reached skill level 5 in Axes
  1497 | D:2      | Reached XP level 4. HP: 34/39 MP: 5/5
  2058 | D:2      | Found a runed translucent door.
  2059 | D:2      | Noticed Crazy Yiuf
  2106 | D:2      | Reached ** piety under Lugonu
  2129 | D:2      | Noticed Natasha
  2139 | D:2      | HP: 1/39 [Natasha (7)]
  2139 | D:2      | Killed from afar by a shadow imp

Illustrated notes

Levels and vault maps discovered:
D:1:      dpeg_arrival_connections, layout_loops_ring, minmay_domino_4
D:2:      minmay_inner_zag, layout_basic, uniq_natasha, uniq_crazy_yiuf_cottage

Skill      XL: |  1  2  3 |
---------------+----------+-----
Axes           | 3 4 5 |  5.7
Fighting       | |  3.6
Armour         | |  2.8
Dodging        | |  0.7
Invocations    | |  2.4

Action                   |  1- 3 |  4- 6 || total
-------------------------+-------+-------++-------
Melee: Hand axe          |   103 |    58 ||   161
Invok: Depart the Abyss  |     1 |       ||     1
Armor: Leather armour    |    36 |       ||    36
       Plate armour      |    22 |    32 ||    54
Dodge: Dodged            |    66 |    10 ||    76

Table legend: (Time is in decaauts)
 A = Elapsed time spent in this place.
 B = Non-inter-level travel time spent in this place.
 C = Inter-level travel time spent in this place.
 D = Time resting spent in this place.
 E = Time spent auto-exploring this place.
 F = Levels seen in this place.
 G = Mean time per level.
                   A        B        C        D        E       F      G
               +--------+--------+--------+--------+--------+-----+--------+
         Total |   2150 |   2086 |     64 |    239 |   1527 |   3 |  716.7 |
       Dungeon |   2083 |   2019 |     64 |    239 |   1462 |   2 | 1041.5 |
         Abyss |     67 |     67 |      0 |      0 |     65 |   1 |   67.0 |
               +--------+--------+--------+--------+--------+-----+--------+

Top non-repeatable levels by time:
     D:1: 1328 daAuts
     D:2: 754 daAuts
 Abyss:1: 67 daAuts
